Map: Oxide LE

Players

DPGZest (Zest) - Winner!

  • Race: Protoss Protoss

DPGDark (Dark)

  • Race: Zerg Zerg
  • League: Master

Event: TSL 7

VOD

Have the link to the VOD?

Description

Time

  • Played on: June 26, 2021, 1:05 p.m.
  • Length: 6:13

All games in this series

Show
View Real Time Build Order
Export as new Build Order

DPGZest Protoss - Winner!

Build Orders: 1 Gate Expand, Oracle Opening, Proxy Void Ray 

Get SALT Encoding   

  12  0:00  Probe  
  13  0:12  Probe  
  14  0:19  Pylon  
  14  0:24  Probe  
  15  0:37  Probe (Chrono Boost)  
  15  0:40  Gateway  
  16  0:47  Probe (Chrono Boost)  
  16  0:49  Assimilator  
  17  0:52  Probe (Chrono Boost)  
  18  1:03  Probe  
  19  1:15  Probe  
  20  1:25  Nexus  
  20  1:35  Cybernetics Core  
  20  1:39  Probe  
  21  1:44  Assimilator  
  21  1:51  Probe  
  22  1:55  Pylon  
  22  2:03  Probe (Chrono Boost)  
  23  2:13  Adept  
  23  2:15  Probe (Chrono Boost)  
  26  2:18  Stargate  
  26  2:19  Probe (Chrono Boost)  
  27  2:25  Warp Gate  
  27  2:32  Probe (Chrono Boost)  
  28  2:37  Probe (Chrono Boost)  
  28  2:43  Adept  
  32  2:46  Probe (Chrono Boost)  
  32  2:47  Probe (Chrono Boost)  
  33  2:51  Probe (Chrono Boost)  
  33  2:54  Probe, Void Ray (Chrono Boost)  
  35  3:03  Probe  
  40  3:06  Probe  
  40  3:10  Pylon  
  41  3:15  Probe  
  41  3:18  Probe  
  43  3:27  Gateway, Oracle (Chrono Boost)  
  43  3:28  Probe  
  43  3:32  Probe  
  49  3:48  Void Ray (Chrono Boost)  
  50  3:53  Shield Battery  
  50  3:55  Pylon, Shield Battery  
  45  4:09  Probe  
  41  4:13  Adept  
  41  4:15  Shield Battery  
  41  4:16  Probe  
  42  4:21  Probe  
  42  4:23  Adept  
  42  4:27  Void Ray  
  42  4:28  Probe  
  38  4:34  Probe, Adept  
  44  4:40  Probe  
  40  4:46  Probe (Chrono Boost)  
  41  4:55  Probe (Chrono Boost)  
  41  4:58  Probe (Chrono Boost)  
  42  5:05  Probe (Chrono Boost)  
  42  5:06  Probe (Chrono Boost)  
  44  5:13  Probe (Chrono Boost)  
  46  5:14  Pylon  
  46  5:17  Oracle (Chrono Boost)  
  46  5:21  Probe  
  49  5:24  Probe  
  50  5:33  Probe  
  51  5:36  Probe  
  52  5:45  Probe  
  52  5:48  Probe  
  53  5:57  Probe  
  54  6:00  Probe  
Show
View Real Time Build Order
Export as new Build Order

DPGDark Zerg 

Build Orders: Hatch First 

Get SALT Encoding   

  12  0:00  Drone  
  13  0:13  Overlord  
  13  0:16  Drone  
  14  0:31  Drone x2  
  16  0:36  Drone  
  17  0:47  Drone  
  18  0:57  Hatchery, Drone  
  18  1:02  Extractor  
  17  1:12  Spawning Pool  
  17  1:15  Drone  
  18  1:18  Drone  
  18  1:31  Drone  
  19  1:39  Drone  
  20  1:50  Hatchery  
  20  1:54  Drone  
  20  2:01  Drone  
  20  2:02  Metabolic Boost  
  21  2:09  Zergling x2  
  22  2:15  Roach Warren  
  22  2:20  Drone  
  22  2:27  Overlord  
  22  2:49  Overlord  
  22  2:57  Roach x5  
  32  3:13  Zergling x8  
  32  3:19  Zergling x2  
  36  3:24  Overlord  
  36  3:25  Zergling x2  
  37  3:30  Zergling x2  
  37  3:31  Ravager  
  39  3:34  Zergling x2  
  39  3:35  Zergling x2  
  39  3:40  Zergling x2  
  42  3:52  Zergling x6  
  43  3:55  Ravager  
  43  3:57  Zergling x2  
  43  3:59  Zergling x2  
  42  4:04  Zergling x2  
  42  4:08  Zergling x2  
  40  4:14  Zergling x4  
  36  4:18  Queen x2  
  36  4:19  Zergling x2  
  37  4:24  Zergling x4  
  37  4:29  Zergling x4  
  39  4:34  Zergling x2  
  39  4:42  Drone  
  39  4:43  Drone  
  38  4:46  Drone  
  38  4:50  Drone  
  38  4:51  Drone  
  40  4:54  Queen  
  40  5:02  Queen  
  42  5:08  Overlord  
  42  5:12  Spore Crawler  
  40  5:22  Drone  
  40  5:23  Drone  
  40  5:27  Overlord  
  42  5:33  Spore Crawler  
  42  5:34  Drone  
  42  5:46  Drone x6  
  42  5:47  Drone x2  
  50  5:50  Drone  
  50  5:52  Drone x2  
  50  5:56  Drone  
  48  5:57  Drone  
Tags
 
Add a new tag
Caveats
  • Supply blocks, unpowered buildings, or Contaminate may cause inaccurate times.
  • Supply counts are checked every 10 seconds.